 Dungeon Crawl Stone Soup version 0.30-a0-1066-g63dfefce0d (webtiles) character file.

Game seed: 12941615629596008001

12539 cforsyth the Summoner (level 11, -14/70 HPs)
             Began as an Octopode Summoner on Apr 12, 2023.
             Was an Initiate of Gozag.
             Killed from afar by an efreet (25 damage)
             ... with a fireball
             ... on level 11 of the Dungeon.
             The game lasted 00:33:42 (12315 turns).

cforsyth the Summoner (Octopode Summoner)          Turns: 12315, Time: 00:33:43

Health: -14/70     AC:  5    Str: 14    XL:     11   Next: 94%
Magic:  19/26      EV: 20    Int: 21    God:    Gozag
Gold:   2458       SH:  0    Dex: 16    Spells: 19/32 levels left

rFire   . . .      SeeInvis .    (no weapon)
rCold   + + .      Faith    .    (no shield)
rNeg    . . .      Spirit   .    (helmet restricted)
rPois   +          Reflect  .    f - amulet of the Building Coward {RegenMP rPois rCorr Dex+3}
rElec   .          Rampage  .    i - ring of willpower
rCorr   +                        o - +4 ring of protection
Will    +....                    t - +5 ring of evasion
Stlth   +++                      u - +6 ring of strength
HPRegen 0.31/turn                D - ring of protection from cold
MPRegen 0.60/turn                H - ring of protection from cold
                                 (no ring)
                                 (no ring)

@: no status effects
A: almost no armour, amphibious, 8 rings, camouflage 1, gelatinous body 1,
(nimble swimmer 1), tentacles
a: Renounce Religion, Potion Petition, Call Merchant, Bribe Branch


You were on level 11 of the Dungeon.
You worshipped Gozag.
Gozag was most pleased with you.
You visited 2 branches of the dungeon, and saw 12 of its levels.

You collected 2531 gold pieces.
You paid 73 gold pieces to Gozag.

Inventory:

Missiles
 r - 2 throwing nets
Jewellery
 f - the amulet of the Building Coward (around mantle) {RegenMP rPois rCorr Dex+3}
   (You found it on level 3 of the Dungeon)

   [amulet of magic regeneration]

   It increases your rate of magic regeneration.
   Dex:       It affects your dexterity (+3).
   rPois:     It protects you from poison.
   rCorr:     It protects you from acid and corrosion.
 i - a ring of willpower (left tentacle)
 o - a +4 ring of protection (right tentacle)
 t - a +5 ring of evasion (on tentacle)
 u - a +6 ring of strength (on tentacle)
 v - an amulet of reflection
 y - the ring of Roklaadie {Wiz rPois rF+++ Int+2 Dex-2}
   (You found it on level 11 of the Dungeon)

   [ring of wizardry]

   It improves your spell success rate.
   Int:       It affects your intelligence (+2).
   Dex:       It affects your dexterity (-2).
   rF:        It renders you almost immune to fire.
   rPois:     It protects you from poison.
 D - a ring of protection from cold (on tentacle)
 H - a ring of protection from cold (on tentacle)
Wands
 g - a wand of iceblast (9)
 z - a wand of flame (24)
 E - a wand of polymorph (7)
 K - a wand of paralysis (4)
Scrolls
 b - 2 scrolls of vulnerability {unknown}
 c - 12 scrolls of identify {unknown}
 h - a scroll of fog {unknown}
 k - 6 scrolls of noise {unknown}
 m - 2 scrolls of magic mapping {unknown}
 n - 3 scrolls of teleportation {unknown}
 w - 2 scrolls of immolation {unknown}
 A - a scroll of amnesia {unknown}
 F - a scroll of enchant weapon {unknown}
 G - a scroll of silence {unknown}
Potions
 a - a potion of magic
 d - a potion of ambrosia {unknown}
 e - 2 potions of flight {unknown}
 j - 4 potions of might {unknown}
 l - 2 potions of brilliance {unknown}
 p - 2 potions of heal wounds {unknown}
 q - 5 potions of curing {unknown}
 s - a potion of mutation {unknown}
 x - a potion of berserk rage {unknown}
 B - 2 potions of attraction {unknown}
 C - a potion of invisibility {unknown}
 I - 2 potions of degeneration {unknown}
 J - a potion of haste {unknown}


   Skills:
 + Level 4.5 Fighting
 + Level 5.1 Dodging
 - Level 2.6 Stealth
 - Level 11.1 Spellcasting
 - Level 3.0 Hexes
 - Level 12.5 Summonings
 - Level 4.0 Air Magic


You had 19 spell levels left.
You knew the following spells:

 Your Spells              Type           Power      Damage    Failure   Level
a - Summon Small Mammal   Summ           100%       N/A       1%          1
b - Call Imp              Summ           100%       N/A       1%          2
c - Call Canine Familiar  Summ           59%        N/A       1%          3
d - Summon Guardian Gole  Hex/Summ       44%        N/A       1%          3
e - Summon Lightning Spi  Summ/Air       46%        N/A       1%          4

Your spell library contained the following spells:

 Spells                   Type           Power      Damage    Failure   Level
 Poisonous Vapours        Pois/Air       40%        N/A       3%          2
 Cigotuvi's Dreadful Rot  Necr/Pois/Air  34%        N/A       4%          2
 Tukima's Dance           Hex            24%        N/A       4%          3
 Mephitic Cloud           Conj/Pois/Air  17%        N/A       10%         3
 Portal Projectile        Hex/Tloc       34%        N/A       10%         3
 Gell's Gravitas          Tloc           11%        N/A       17%         3
 Ignite Poison            Fire/Tmut/Pois 11%        N/A       17%         3
 Teleport Other           Tloc           11%        N/A       17%         3
 Silence                  Hex/Air        13%        N/A       36%         5
 Manifold Assault         Tloc           11%        N/A       50%         4
 Passage of Golubria      Tloc           11%        N/A       50%         4
 Yara's Violent Unravell  Hex/Tmut       8%         3d5       65%         5
 Freezing Cloud           Conj/Ice/Air   8%         6-21      67%         5
 Blade Hands              Tmut           5%         N/A       85%         5
 Dispersal                Tloc           5%         N/A       100%        6
 Disjunction              Tloc           5%         N/A       100%        8
 Lehudib's Crystal Spear  Conj/Erth      5%         10d3      100%        8


Dungeon Overview and Level Annotations

Branches:
Dungeon (11/15)            Temple (1/1) D:5            Lair (0/5) D:10
    Orc (0/2) D:11

Altars:
Cheibriados
Elyvilon
Fedhas
Gozag
Hepliaklqana
Kikubaaqudgha
Makhleb
Nemelex Xobeh
Okawaru
Qazlal
Ru
Sif Muna
Trog
Uskayaw
Vehumet
Wu Jian
Xom
Yredelemnul
The Shining One

Annotations:
D:4 exclusion: statue


Innate Abilities, Weirdness & Mutations

You cannot wear most types of armour.
You are amphibious.
You can wear up to eight rings at the same time.
Your skin changes colour to match your surroundings (Stealth+).
Your rubbery body absorbs attacks. (AC +1, EV +1)
((You are camouflaged when in or above water. (Stealth+)))
You have tentacles for arms and can constrict up to eight enemies at once.


Message History

Your wolf disappears in a puff of smoke!
Something hits your warg!! Something burns your warg. Something hits your warg!
Something burns your warg.
Your warg dies!
Your warg's corpse disappears in a puff of smoke!
Something hits your cerulean imp! Something burns your cerulean imp.
Your cerulean imp dies!
Your cerulean imp disappears in a puff of smoke!
Casting: Call Canine Familiar (safe; 1% risk of failure)
Confirm with . or Enter, or press ? or * to list all spells.
A fireball appears from out of thin air!
The fireball explodes!
Deactivating autopickup; reactivate with Ctrl-A.
The fireball engulfs you!
The fireball engulfs your guardian golem!
Your guardian golem resists.
You hear a shout!
Unknown command.
Your guardian golem disappears in a puff of smoke!
Your wolf bites something but does no damage.
Casting: Call Canine Familiar (safe; 1% risk of failure)
Confirm with . or Enter, or press ? or * to list all spells.
An electric hum fills the air.
Your wolf bites something.
A fireball appears from out of thin air!
The fireball explodes!
The fireball engulfs you!!
Your wolf bites something!
Your wolf bites something but does no damage.
Casting: Summon Lightning Spire (dangerous; 1% risk of failure)
Confirm with . or Enter, or press ? or * to list all spells.
Your wolf disappears in a puff of smoke!
A fireball appears from out of thin air!
The fireball explodes!
The fireball engulfs you!!
* * * LOW HITPOINT WARNING * * *
Okay, then.
Okay, then.
A hobgoblin comes into view.
The hobgoblin hits your warg.
A fireball appears from out of thin air!
The fireball explodes!
The fireball engulfs you!!
You die...
Your body crumbles into a pile of gold.

#..#.####.......8....)#.##.#
#..#.# #..#######..#.#.##|# #..#.#
#..# #..#>#.##.##### #.<#.# #..#
#..#.#.#...##.. #..# ###
########.##.... #..# ######
##.##.#####.. ##T.# . ..#.#
#..#..# #.. ....# $
.###..#####..#######. ###.#
#.#h@...#..#...##..5. # #.#
#.###.g##.##.##..######## # #.#
......##..#...##.#..# # #.#
.###...#{#.#.....### ###.#####
##.#.#.8.#..#....#
......##.###.#.#.ยง##..##.#.######
....####...#......#..#...#.# #...
##..## ##..#..#..>.#..#.##.# #.##
#T..# #......###.....#)#..# #.#


You could see a hobgoblin, a friendly warg (summoned) and a friendly lightning
spire (summoned).

Vanquished Creatures
  A hound (D:10)
  An orc priest (D:6)
  An orc wizard (D:6)
  2 dart slugs
  4 orcs
  2 endoplasms
  A giant cockroach (D:1)
  A goblin (D:1)
  A hobgoblin (D:1)
  A kobold (D:1)
  A quokka (D:3)
  2 ball pythons (D:1)
  A frilled lizard (D:2)
19 creatures vanquished.

Vanquished Creatures (collateral kills)
  Nergalle (D:10)
  A cyclops (D:11)
  A manticore (D:10)
  2 slime creatures (D:10)
  A spectral unseen horror (D:9)
  Psyche (D:8)
  A troll (D:9)
  A hornet (D:9)
  Prince Ribbit (D:8)
  A vampire (D:9)
  2 wyverns
  A steam dragon (D:8)
  2 vampire mosquitoes (D:9)
  A warg (D:11)
  2 water moccasins
  6 orc warriors
  2 sky beasts (D:7)
  3 ice beasts
  An ogre (D:11)
  A wolf (D:10)
  A centaur (D:11)
  A phantom (D:5)
  2 kobold brigands
  2 bullfrogs
  2 scorpions
  6 wights
  2 killer bees (D:9)
  5 howler monkeys
  4 electric eels (D:10)
  A centaur zombie (D:9)
  4 orc priests
  6 hounds
  3 sleepcaps
  2 iguanas
  23 orc wizards
  Robin (D:3)
  4 adders
  A worm (D:2)
  2 dart slugs (D:3)
  46 orcs
  3 endoplasms
  4 giant cockroaches
  15 goblins
  11 hobgoblins
  2 jackals (D:5)
  9 kobolds
  2 quokkas (D:1)
  A ball python (D:4)
  2 bats (D:1)
  2 frilled lizards
  2 rats
203 creatures vanquished.

Vanquished Creatures (others)
  A cyclops (D:11)
  2 gargoyles
  A troll (D:10)
  3 slime creatures
  5 yaks (D:10)
  A vampire mosquito (D:9)
  An acid dragon (D:11)
  3 orc warriors
  5 wolves (D:10)
  A wyvern zombie (D:9)
  3 wights
  4 killer bees (D:9)
  A howler monkey (D:9)
  A centaur zombie (D:9)
  An orc priest (D:9)
  A centaur skeleton (D:9)
  2 orc wizards
  An orc (D:11)
  3 plants (D:3)
40 creatures vanquished.

Grand Total: 262 creatures vanquished

Notes
Turn   | Place    | Note
-------+----------+-------------------------------------------
     0 | D:1      | cforsyth the Octopode Summoner began the quest for the Orb.
     0 | D:1      | Reached XP level 1. HP: 11/11 MP: 3/3
    66 | D:1      | Reached XP level 2. HP: 5/17 MP: 1/5
   129 | D:1      | Learned a level 2 spell: Call Imp
   462 | D:1      | Reached XP level 3. HP: 21/21 MP: 6/6
   466 | D:1      | Learned a level 3 spell: Call Canine Familiar
   770 | D:2      | You fall into a shaft and drop 1 floor!
   779 | D:3      | Found a faded altar of an unknown god.
   783 | D:3      | Found an ancient bone altar of Kikubaaqudgha.
   927 | D:3      | Found a shimmering altar of Xom.
   963 | D:3      | Identified the amulet of the Building Coward {RegenMP rPois
                  | rCorr Dex+3}
  1127 | D:3      | Noticed Robin
  1137 | D:3      | Killed Robin
  1138 | D:3      | Reached XP level 4. HP: 27/27 MP: 5/8
  1146 | D:3      | Learned a level 3 spell: Summon Guardian Golem
  1272 | D:2      | Reached skill level 5 in Summonings
  1830 | D:3      | Found a faded altar of an unknown god.
  2140 | D:4      | Reached skill level 1 in Hexes
  2140 | D:4      | Reached XP level 5. HP: 31/31 MP: 5/10
  2206 | D:4      | Found a radiant altar of Vehumet.
  2208 | D:4      | Noticed a frost-covered statue
  2404 | D:4      | Reached XP level 6. HP: 36/36 MP: 9/11
  3132 | D:5      | Entered Level 5 of the Dungeon
  3192 | D:5      | Found a staircase to the Ecumenical Temple.
  3781 | D:5      | Reached XP level 7. HP: 28/41 MP: 10/13
  3803 | D:5      | Reached skill level 6 in Summonings
  4355 | Temple   | Entered the Ecumenical Temple
  4359 | Temple   | Became a worshipper of Gozag Ym Sagoz the Greedy
  4487 | D:6      | Reached skill level 5 in Spellcasting
  4721 | D:6      | Found a snail-covered altar of Cheibriados.
  4791 | D:6      | Found an ornate altar of the Wu Jian Council.
  4992 | D:6      | Reached skill level 7 in Summonings
  4992 | D:6      | Reached XP level 8. HP: 39/46 MP: 12/16
  5260 | D:6      | Learned a level 4 spell: Summon Lightning Spire
  5381 | D:7      | Reached skill level 1 in Air Magic
  5603 | D:7      | Reached skill level 8 in Summonings
  5617 | D:7      | Reached XP level 9. HP: 46/51 MP: 6/19
  6208 | D:8      | Noticed Prince Ribbit
  6225 | D:8      | Killed Prince Ribbit
  6226 | D:8      | Reached skill level 9 in Summonings
  7040 | D:8      | Noticed Psyche
  7062 | D:8      | Killed Psyche
  7063 | D:8      | Reached skill level 10 in Summonings
  7063 | D:8      | Reached XP level 10. HP: 56/56 MP: 22/22
  7620 | D:9      | Noticed a spectral unseen horror
  7634 | D:9      | Killed a spectral unseen horror
  7899 | D:9      | Reached skill level 11 in Summonings
  8541 | D:10     | Entered Level 10 of the Dungeon
  8650 | D:10     | Reached skill level 10 in Spellcasting
  8697 | D:10     | Reached XP level 11. HP: 47/61 MP: 21/25
  8816 | D:10     | Noticed Nergalle
  8855 | D:10     | Found a blossoming altar of Fedhas.
  8856 | D:10     | Found a stormy altar of Qazlal.
  8858 | D:10     | Found a burning altar of Makhleb.
  8858 | D:10     | Found an iron altar of Okawaru.
  8883 | D:10     | Noticed a manticore
  8903 | D:10     | Reached skill level 12 in Summonings
  8908 | D:10     | Killed a manticore
  9665 | D:10     | Found a staircase to the Lair.
  9787 | D:10     | Killed Nergalle
 10378 | D:10     | Reached skill level 1 in Fighting
 10752 | D:10     | Found a shimmering blue altar of Sif Muna.
 11323 | D:11     | Identified the +10 great sword "Xedwigh" {elec, Fly}
 11330 | D:11     | Noticed a cyclops
 11339 | D:11     | Noticed a cyclops
 11339 | D:11     | Noticed a manticore
 11339 | D:11     | Killed a cyclops
 11786 | D:11     | Noticed a cyclops
 11804 | D:11     | Killed a cyclops
 12020 | D:11     | Reached skill level 5 in Dodging
 12052 | D:11     | Found a staircase to the Orcish Mines.
 12214 | D:11     | Identified the ring of Roklaadie {Wiz rPois rF+++ Int+2
                  | Dex-2}
 12315 | D:11     | Killed from afar by an efreet

Illustrated notes

Levels and vault maps discovered:
D:1:      dpeg_arrival_castle, layout_rooms, minmay_pentomino_w2
D:2:      layout_basic
D:3:      layout_rooms, nicolae_overflow_ecumenical_swirl,
          mainiacjoe_overflow_small_starburst,
          shapermc_ecumenical_altar_mp_urbaneastern, minivault_26, uniq_robin
D:4:      layout_basic, vehumet_statue
D:5:      layout_layer_cave, minmay_temple_entry_gardened_gates
D:6:      minmay_flawed_box, layout_cave_pools, kennysheep_slug_shrine,
          pdpol_wu_jian_five_deadly_venoms
D:7:      layout_basic
D:8:      minmay_goldmine, layout_basic, uniq_psyche, uniq_prince_ribbit1
D:9:      layout_stronghold, minmay_misc_feat_cross, minmay_statues_item,
          hangedman_weighted_door
D:10:     layout_long_grid, nicolae_sif_muna_condensation,
          grunt_temple_overflow_open, erik_lair_island, kennysheep_potato,
          uniq_nergalle
D:11:     layout_loops_ring, erik_orc_3, minmay_checkerbox
Temple:   nicolae_temple_x_marks_the_god

Skill      XL: |  1  2  3  4  5  6  7  8  9 10 11 |
---------------+----------------------------------+-----
Spellcasting   | 3 4 5 6 8 10 11 | 11.1
Summonings     | 5 7 8 10 11 12 | 12.5
Hexes          | 1 2 3 |  3.0
Air Magic      | 3 4 |  4.0
Fighting       | 4 |  4.5
Dodging        | 5 |  5.1
Stealth        | |  2.6

Action                     |  1- 3 |  4- 6 |  7- 9 | 10-12 || total
---------------------------+-------+-------+-------+-------++-------
  Melee: Unarmed           |    39 |    18 |    16 |    15 ||    88
         Constrict         |    10 |     6 |     3 |     5 ||    24
         Punch             |     3 |       |       |       ||     3
         Tentacles         |     7 |     5 |     4 |     6 ||    22
   Cast: Summon Small Mamm |    17 |    14 |    36 |    30 ||    97
         Call Imp          |     8 |    17 |    31 |    25 ||    81
         Call Canine Famil |     8 |    20 |    30 |    53 ||   111
         Summon Guardian G |       |       |    15 |    52 ||    67
         Summon Lightning  |       |       |     8 |    30 ||    38
   Stab: Sleeping          |       |     1 |     1 |       ||     2
         Distracted        |       |     1 |       |       ||     1
 Armour: Skin              |     2 |     2 |     4 |    10 ||    18
  Dodge: Dodged            |    30 |    12 |    22 |    58 ||   122

Table legend: (Time is in decaauts)
 A = Elapsed time spent in this place.
 B = Non-inter-level travel time spent in this place.
 C = Inter-level travel time spent in this place.
 D = Time resting spent in this place.
 E = Time spent auto-exploring this place.
 F = Levels seen in this place.
 G = Mean time per level.
                   A        B        C        D        E       F      G
               +--------+--------+--------+--------+--------+-----+--------+
         Total |  12311 |  11799 |    512 |   1576 |   7489 |  12 | 1025.9 |
       Dungeon |  12302 |  11794 |    508 |   1576 |   7489 |  11 | 1118.4 |
        Temple |      8 |      4 |      4 |      0 |      0 |   1 |    8.0 |
               +--------+--------+--------+--------+--------+-----+--------+

Top non-repeatable levels by time:
    D:10: 2735 daAuts
     D:9: 1345 daAuts
     D:5: 1257 daAuts
     D:8: 1207 daAuts
     D:4: 1075 daAuts
    D:11: 975 daAuts
     D:6: 902 daAuts
     D:7: 746 daAuts
     D:3: 737 daAuts
     D:2: 680 daAuts
     D:1: 639 daAuts
  Temple: 8 daAuts
